 Seeded DCSS version 0.31-a0-222-gefeffbb62a (webtiles) character file.

Game seed: 14784897493659367010 (custom seed)

29223 innerfire43 the Severer (level 13, -12/101 (102) HPs)
             Began as a Demonspawn Monk on July 5, 2023.
             Was a High Priest of Nemelex Xobeh.
             Mangled by an orc warlord
             ... wielding a +0 halberd
              (21 damage)
             ... on level 2 of the Orcish Mines.
             The game lasted 00:16:20 (12343 turns).

innerfire43 the Severer (Demonspawn Monk)          Turns: 12343, Time: 00:16:21

HP:   -12/101 (102) AC:  9    Str: 16    XL:     13   Next: 14%
MP:   22/22         EV: 16    Int: 11    God:    Nemelex Xobeh [*****.]
Gold: 1491          SH:  0    Dex: 17    Spells: 12/12 levels left

rFire   + . .        a - +8 mithril axe "Arga" {speed, Will+}
rCold   . . .        d - orb {light}
rNeg    . . .        g - +1 robe "Lucenadgh" {rPois Slay+6}
rPois   +            h - +2 hat
rElec   .            (no cloak)
rCorr   .            (no gloves)
SInv    .            H - +0 pair of boots
Will    +....        m - amulet of the acrobat
Stlth   +            C - ring of protection from fire
HPRegen 5.36/turn    (no ring)
MPRegen 0.18/turn

%: acrobat
@: glowing, lightly drained
A: icy blue scales 2, foul stench 3, powered by death 1, demonic touch 2
a: Renounce Religion, Draw Escape, Draw Destruction, Draw Summoning, Triple
Draw, Deal Four, Stack Five


You were on level 2 of the Orcish Mines.
You worshipped Nemelex Xobeh.
Nemelex Xobeh was extremely pleased with you.
You visited 3 branches of the dungeon, and saw 14 of its levels.
You also visited: Sewer.

You collected 1491 gold pieces.

Inventory:

Hand Weapons
 a - the +8 mithril axe "Arga" (weapon) {speed, Will+}
   (You acquired it on level 3 of the Dungeon)

   Will:      It increases your willpower.
 b - a +1 sling of draining
 r - a +1 hand axe
Missiles
 w - 4 throwing nets
Armour
 d - an orb of light (worn)
 g - the +1 robe "Lucenadgh" (worn) {rPois Slay+6}
   (You found it on level 3 of the Dungeon)

   Slay:      It affects your accuracy & damage with ranged weapons and melee
   (+6).
   rPois:     It protects you from poison.
 h - a +2 hat (worn)
 j - +0 steam dragon scales
 s - a +2 hat
 A - a +0 robe
 H - a +0 pair of boots (worn)
Jewellery
 m - an amulet of the acrobat (around neck)
 C - a ring of protection from fire (left hand)
 I - an amulet of magic regeneration
Wands
 o - a wand of polymorph (12)
 v - a wand of quicksilver (13)
 y - a wand of flame (26)
 B - a wand of paralysis (10)
Scrolls
 i - 2 scrolls of fog
 k - a scroll of blinking
 n - 4 scrolls of immolation
 p - 7 scrolls of teleportation
 q - 2 scrolls of revelation
 t - a scroll of fear
 F - a scroll of enchant weapon
 G - a scroll of identify
 J - a scroll of poison
Potions
 c - 5 potions of curing
 e - 4 potions of lignification
 f - 2 potions of degeneration
 l - 2 potions of mutation
 x - 3 potions of enlightenment
 z - a potion of brilliance
 D - a potion of might
 E - 2 potions of haste
 K - a potion of berserk rage {unknown}


   Skills:
 + Level 9.7 Fighting
 * Level 15.0 Axes
 - Level 8.0 Dodging
 - Level 12.0 Invocations


You had 12 spell levels left.
You didn't know any spells.
Your spell library contained the following spells:

 Spells                   Type           Power      Damage    Failure   Level
 Sandblast                Erth           0%         2d4       34%         1
 Slow                     Hex            0%         N/A       34%         1
 Sting                    Tmut/Pois      0%         1d3       34%         1
 Ensorcelled Hibernation  Hex/Ice        0%         N/A       47%         2
 Passwall                 Tmut/Erth      0%         N/A       47%         2
 Poisonous Vapours        Pois/Air       0%         N/A       47%         2
 Confusing Touch          Hex            0%         N/A       71%         3
 Gell's Gravitas          Tloc           0%         N/A       71%         3
 Portal Projectile        Hex/Tloc       0%         N/A       71%         3
 Spider Form              Tmut/Pois      0%         N/A       71%         3
 Stone Arrow              Conj/Erth      0%         3d7       71%         3
 Teleport Other           Tloc           0%         N/A       71%         3
 Tukima's Dance           Hex            0%         N/A       71%         3
 Vampiric Draining        Necr           0%         2d6       71%         3
 Anguish                  Hex/Necr       0%         N/A       98%         4
 Olgreb's Toxic Radiance  Pois           0%         N/A       98%         4
 Alistair's Intoxication  Tmut/Pois      0%         N/A       100%        5
 Blade Hands              Tmut           0%         N/A       100%        5
 Dispersal                Tloc           0%         N/A       100%        6
 Eringya's Noxious Bog    Tmut/Pois      0%         N/A       100%        6
 Discord                  Hex            0%         N/A       100%        8
 Ignition                 Fire           0%         3d3       100%        8


Dungeon Overview and Level Annotations

Branches:
Dungeon (11/15)            Temple (1/1) D:6            Lair (0/5) D:11
    Orc (2/2) D:11            Elf (0/3) Orc:2         Sewer (visited)

Altars:
Ashenzari
Cheibriados
Dithmenos
Fedhas
Gozag
Hepliaklqana
Kikubaaqudgha
Makhleb
Nemelex Xobeh
Okawaru
Qazlal
Ru
Sif Muna
Trog
Uskayaw
Vehumet
Wu Jian
Xom
Yredelemnul

Shops:
Orc:2 [[

Annotations:
D:7 1 runed translucent door


Innate Abilities, Weirdness & Mutations

You are mostly covered in icy blue scales. (AC +3)
You frequently emit foul miasma when damaged in melee.
You regenerate a little health from kills.
Your touch may inflict irresistible damage on your foes.


Message History

The orc warrior hits you with a +0 hand axe.
The soul eater draws from the surrounding life force!
You slice the orc sorcerer!!
You kill the orc sorcerer!
You barely miss the orc warrior.
You hit the orc warrior but do no damage.
The sixfirhy hits you. The sixfirhy shocks you! The sixfirhy hits you!
The sixfirhy shocks you!
Unknown command.
Unknown command.
You slash the orc warrior!
The orc warrior is almost dead.
You slash the orc warrior!
You kill the orc warrior!
You hit the sixfirhy but do no damage. The sixfirhy hits you.
The sixfirhy shocks you!
* * * LOW HITPOINT WARNING * * *
You emit a cloud of foul miasma!
The orc warrior hits you with a +0 glaive!
* * * LOW HITPOINT WARNING * * *
You feel better. The orc warrior misses you.
You draw a card...
You have drawn the Tomb.
Walls emerge from the floor!
The orc high priest no longer looks unusually strong.
The orc high priest prays to Beogh.
The orc warrior hits you with a +0 glaive!
* * * LOW HITPOINT WARNING * * *
The soul eater hits you.
* * * LOW HITPOINT WARNING * * *
You feel drained.
You draw a card...
You have drawn the Tomb.
Nothing appears to happen.
The sixfirhy disappears in a puff of smoke!
The orc no longer looks unusually strong.
The orc warlord roars a battlecry!
The orc goes into a battle-frenzy!
The orc warrior closely misses you. The soul eater hits you!
* * * LOW HITPOINT WARNING * * *
You draw a card...
You have drawn the Cloud.
Clouds appear around you!
The orc warlord hits you from afar with a +0 halberd!!
You die...
Your body glows with a rainbow of weird colours and disappears.

##^...........###
#..##########...## ##.## .###..##
#..# ..# ##..# #### ##.#### ..#
∩#..# ...# ##..#.8##+###'##8.##.#
#..###.8.'...§.4oo......#.#
##.##....)...§§#8#o...._#.#
.#.....8.))..§33@ooo....#.#
)#.......#)8##+###o##8.##.###
)'..#....#### o# #..#.#####
##.##.....# # ##.........
#..#..[...## ###...#..####
...##...#..##########.......##...
#####...##..................')...
##...###.................#).8.
####.....###.#..............#....


You could see an orc warlord, a soul eater (summoned), an orc high priest, a sun
demon (summoned), a rust devil (summoned), an orc warrior (strong), an orc
wizard (strong, invisible) and 3 orcs.

Vanquished Creatures
  Harold (D:11)
  Erolcha (D:9)
  3 two-headed ogres
  Erica (D:9)
  2 orc high priests
  Nergalle (D:10)
  Pikel (D:7)
  An orc knight (Orc:2)
  A cyclops (D:7)
  3 orc sorcerers (Orc:2)
  Maurice (D:9)
  Joseph (D:7)
  2 gargoyles (D:11)
  An unseen horror (D:11)
  4 trolls
  Prince Ribbit (D:6)
  2 wraiths
  7 yaks
  2 shadows (D:11)
  A vampire (D:10)
  2 wyverns
  2 basilisks
  2 humans (D:8)
  3 vampire mosquitoes
  4 wargs
  A two-headed ogre zombie (D:11)
  2 water moccasins
  29 orc warriors
  3 ogres
  2 ice beasts
  3 centaurs
  A lemure (D:7)
  4 kobold brigands
  A phantom (D:4)
  3 bullfrogs
  3 scorpions
  2 gnoll sergeants (D:9)
  21 wights
  A troll zombie (D:11)
  11 killer bees (D:10)
  4 howler monkeys
  A jelly (D:6)
  3 gnoll boudas
  3 hounds
  12 orc priests
  4 iguanas
  2 sleepcaps
  15 orc wizards
  6 ogre zombies (D:11)
  A river rat (Sewer)
  6 adders
  18 gnolls
  A shadow imp (D:7)
  2 white imps
  An ufetubus (D:5)
  2 worms
  A dart slug (D:5)
  67 orcs
  8 ball pythons
  7 bats
  5 endoplasms
  3 giant cockroaches
  7 goblins
  6 hobgoblins
  5 jackals
  23 kobolds
  4 quokkas
  5 frilled lizards
  A goblin skeleton (D:11)
  2 goblin zombies (D:11)
  3 hobgoblin zombies (D:11)
  14 orc zombies (D:11)
  11 rats
390 creatures vanquished.

Vanquished Creatures (collateral kills)
  A shadow (D:11)
  A basilisk (D:11)
  A phantom (D:11)
  An orc priest (Orc:1)
  An orc (Orc:1)
  A goblin zombie (D:11)
  An orc skeleton (D:11)
  3 orc zombies (D:11)
10 creatures vanquished.

Grand Total: 400 creatures vanquished

Notes
Turn   | Place    | Note
-------+----------+-------------------------------------------
     0 | D:1      | innerfire43 the Demonspawn Monk began the quest for the
                  | Orb.
     0 | D:1      | Reached XP level 1. HP: 18/18 MP: 1/1
   166 | D:1      | Gained mutation: You may rarely emit foul miasma when
                  | damaged in melee. [demonic ancestry]
   166 | D:1      | Reached XP level 2. HP: 24/24 MP: 2/2
   271 | D:1      | Reached skill level 3 in Axes
   468 | D:1      | Reached XP level 3. HP: 29/29 MP: 3/3
  1059 | D:2      | Reached XP level 4. HP: 37/37 MP: 4/4
  1491 | D:3      | Identified a scroll of acquirement
  1491 | D:3      | Acquired the +8 mithril axe "Arga" {speed, Will+}
  1491 | D:3      | Found the +8 mithril axe "Arga" {speed, Will+}
  1850 | D:3      | Found a shadowy altar of Dithmenos.
  1920 | D:3      | Found a hide-covered altar of Uskayaw.
  1950 | D:3      | Found a glowing drain.
  1965 | Sewer    | Entered a sewer
  2025 | Sewer    | Noticed a kobold brigand
  2026 | Sewer    | Noticed a kobold brigand
  2035 | Sewer    | Killed a kobold brigand
  2036 | Sewer    | Reached skill level 4 in Axes
  2036 | Sewer    | Reached XP level 5. HP: 7/42 MP: 5/5
  2361 | D:3      | Identified the +1 robe "Lucenadgh" {rPois Slay+6}
  2615 | D:4      | Gained mutation: You sometimes emit foul miasma when
                  | damaged in melee. [demonic ancestry]
  2615 | D:4      | Reached XP level 6. HP: 34/49 MP: 6/6
  2671 | D:4      | Found a broken altar of Ashenzari.
  2674 | D:4      | Found a shimmering altar of Xom.
  2690 | D:4      | Found a burning altar of Makhleb.
  2917 | D:4      | Reached skill level 5 in Axes
  3566 | D:5      | Entered Level 5 of the Dungeon
  3566 | D:5      | Noticed an ice beast
  3570 | D:5      | Killed an ice beast
  3571 | D:5      | Reached skill level 6 in Axes
  3571 | D:5      | Gained mutation: You are partially covered in icy blue
                  | scales. (AC +2) [demonic ancestry]
  3571 | D:5      | Reached XP level 7. HP: 55/55 MP: 7/7
  4181 | D:6      | Found a stormy altar of Qazlal.
  4260 | D:6      | Reached skill level 7 in Axes
  4320 | D:6      | Found a shimmering blue altar of Sif Muna.
  4391 | D:6      | Gained mutation: You are mostly covered in icy blue scales.
                  | (AC +3) [demonic ancestry]
  4391 | D:6      | Reached XP level 8. HP: 57/61 MP: 8/8
  4508 | D:6      | Found a staircase to the Ecumenical Temple.
  4529 | D:6      | Reached skill level 8 in Axes
  4583 | Temple   | Entered the Ecumenical Temple
  4777 | Temple   | Became a worshipper of Nemelex Xobeh the Trickster
  4777 | Temple   | Reached * piety under Nemelex Xobeh
  4777 | Temple   | Received a gift from Nemelex Xobeh
  4777 | Temple   | Reached ** piety under Nemelex Xobeh
  4871 | D:6      | Found a basalt altar of Yredelemnul.
  5118 | D:6      | Noticed Prince Ribbit
  5133 | D:6      | Killed Prince Ribbit
  5398 | D:7      | Reached skill level 9 in Axes
  5401 | D:7      | Received a gift from Nemelex Xobeh
  5428 | D:7      | Found a runed translucent door.
  5431 | D:7      | Noticed a sixfirhy
  5446 | D:7      | Gained mutation: Your touch may inflict minor irresistible
                  | damage on your foes. [demonic ancestry]
  5446 | D:7      | Reached XP level 9. HP: 66/66 MP: 10/12
  5512 | D:7      | Reached skill level 5 in Invocations
  5701 | D:7      | Noticed Pikel
  5712 | D:7      | Killed Pikel
  5713 | D:7      | Reached skill level 10 in Axes
  5954 | D:7      | Received a gift from Nemelex Xobeh
  6003 | D:7      | Noticed a cyclops
  6010 | D:7      | Killed a cyclops
  6011 | D:7      | Reached skill level 11 in Axes
  6199 | D:7      | Noticed Joseph
  6215 | D:7      | Killed Joseph
  6216 | D:7      | Reached XP level 10. HP: 15/73 MP: 14/16
  6559 | D:7      | Noticed a two-headed ogre
  6567 | D:7      | Killed a two-headed ogre
  6817 | D:8      | Reached *** piety under Nemelex Xobeh
  6817 | D:8      | Received a gift from Nemelex Xobeh
  7188 | D:8      | Reached skill level 12 in Axes
  7345 | D:8      | Found an iron altar of Okawaru.
  7892 | D:9      | Received a gift from Nemelex Xobeh
  7895 | D:9      | Found a radiant altar of Vehumet.
  8042 | D:9      | Noticed Maurice
  8052 | D:9      | Killed Maurice
  8053 | D:9      | Reached skill level 10 in Invocations
  8076 | D:9      | Noticed Erolcha
  8088 | D:9      | Killed Erolcha
  8089 | D:9      | Reached skill level 13 in Axes
  8106 | D:9      | Gained mutation: Your touch may inflict irresistible damage
                  | on your foes. [demonic ancestry]
  8106 | D:9      | Reached XP level 11. HP: 84/84 MP: 18/18
  8206 | D:9      | Found a bloodstained altar of Trog.
  8349 | D:9      | Reached **** piety under Nemelex Xobeh
  8391 | D:9      | Gained mutation: You frequently emit foul miasma when
                  | damaged in melee. [demonic ancestry]
  8391 | D:9      | Reached XP level 12. HP: 74/92 MP: 19/19
  8391 | D:9      | Noticed Erica
  8399 | D:9      | Killed Erica
  8544 | D:10     | Entered Level 10 of the Dungeon
  8717 | D:10     | Found a flagged portal.
  8777 | D:10     | Noticed Nergalle
  8784 | D:10     | Killed Nergalle
  8968 | D:10     | Noticed a two-headed ogre
  8975 | D:10     | Killed a two-headed ogre
  9021 | D:10     | Received a gift from Nemelex Xobeh
  9135 | D:10     | Noticed an angel
  9441 | D:10     | Received a gift from Nemelex Xobeh
  9763 | D:11     | Found a staircase to the Orcish Mines.
 10069 | D:11     | Noticed Harold
 10077 | D:11     | Killed Harold
 10217 | D:11     | Got the Vademecum on the Cure
 10222 | D:11     | Received a gift from Nemelex Xobeh
 10242 | D:11     | Noticed a two-headed ogre
 10248 | D:11     | Killed a two-headed ogre
 10249 | D:11     | Reached skill level 14 in Axes
 10447 | D:11     | Reached ***** piety under Nemelex Xobeh
 10538 | D:11     | Found a staircase to the Lair.
 10919 | Orc:1    | Entered Level 1 of the Orcish Mines
 10938 | Orc:1    | Received a gift from Nemelex Xobeh
 11308 | Orc:1    | Noticed an orc high priest
 11317 | Orc:1    | Killed an orc high priest
 11501 | Orc:2    | Entered Level 2 of the Orcish Mines
 11501 | Orc:2    | Noticed an orc high priest
 11510 | Orc:2    | Killed an orc high priest
 11511 | Orc:2    | Found a staircase to the Elven Halls.
 12091 | Orc:2    | Gained mutation: You regenerate a little health from kills.
                  | [demonic ancestry]
 12091 | Orc:2    | Reached XP level 13. HP: 94/101 MP: 22/22
 12157 | Orc:2    | Found Deaklizu's Armour Emporium.
 12204 | Orc:2    | Received a gift from Nemelex Xobeh
 12321 | Orc:2    | Noticed an orc warlord
 12328 | Orc:2    | Reached skill level 15 in Axes
 12330 | Orc:2    | Found Hoggopso's Antique Armour Shoppe.
 12342 | Orc:2    | HP: 4/101 [soul eater[an orc high priest] (16)]
 12343 | Orc:2    | Mangled by an orc warlord

Illustrated notes

Levels and vault maps discovered:
D:1:      tarquinn_simple_flora_water_f, layout_loops_ring,
          shapermc_ecumenical_altar_petra
D:2:      layout_basic, basic_altar, serial_bayou_pond_b,
          chequers_serial_rivers_micro_b, nrook_uturn, minmay_pentomino_pile
D:3:      layout_loops_ring, mainiacjoe_overflow_six_doors_small,
          general_overflow_altar, portal_sewer_entry_f, minmay_hedge_maze,
          st_stairs_5
D:4:      layout_gridville, nicolae_overflow_hidden_temple, chequers_big_river
D:5:      layout_loops_ring
D:6:      layout_basic, amcnicky_altar_gilded, old_standard_altar,
          lemuel_round_altar, minmay_temple_entry_drinking_statues,
          uniq_prince_ribbit1
D:7:      cheibrodos_shockbox, layout_basic, minivault_4, kb_rosetta,
          uniq_pikel, uniq_joseph
D:8:      layout_loops_ring, okawaru_humans
D:9:      layout_irregular_city, kennysheep_mini, kennysheep_mini_moat,
          corexii_corridor_pit, serial_bayou_pond_a, uniq_erolcha, uniq_erica,
          uniq_maurice
D:10:     layout_grid_maze, zin_angel, enter_bailey_5, hangedman_decor_lopped,
          uniq_nergalle
D:11:     layout_long_grid, lair_entry_dummy, zombieorc2_lemuel,
          serial_co_window_serial, co_window_of_opportunity_a,
          co_window_paths_b, co_window_of_opportunity_a, co_window_paths_b,
          co_window_of_opportunity_a, co_window_2corner,
          co_window_of_opportunity_c, co_window_unsneaky_path_a,
          co_window_cross_4, co_window_paths_d, glass_columns_a,
          glass_columns_b, uniq_harold
Temple:   cyrus_temple_forest
Orc:1:    layout_caves
Orc:2:    grunt_orc_community_town_hall, layout_diamond_mine,
          grunt_orc_community_big_house_1, grunt_orc_community_big_house_1,
          grunt_orc_community_house_2, grunt_orc_community_house_2,
          grunt_orc_community_house_1, grunt_orc_community_house_3,
          grunt_orc_community_house_3

Skill      XL: |  1  2  3  4  5  6  7  8  9 10 11 12 13 |
---------------+----------------------------------------+-----
Dodging        | 3 4 6 7 8 |  8.0
Axes           | 3 4 6 7 9 11 13 14 15 | 15.0
Fighting       | 4 7 9 |  9.7
Invocations    | 4 8 10 12 | 12.0

Action                     |  1- 3 |  4- 6 |  7- 9 | 10-12 | 13-15 || total
---------------------------+-------+-------+-------+-------+-------++-------
  Melee: Hand axe          |   116 |    23 |       |       |       ||   139
         Broad axe         |       |    70 |   200 |   389 |    41 ||   700
   Fire: Sling             |       |       |       |    11 |       ||    11
 Invoke: Draw Summoning    |       |       |       |     4 |       ||     4
         Draw Escape       |       |       |       |       |     3 ||     3
    Use: Scroll            |       |    13 |     4 |     2 |       ||    19
         Potion            |       |     1 |     1 |     6 |     1 ||     9
   Stab: Sleeping          |       |       |     1 |       |       ||     1
 Armour: Robe              |     6 |     6 |    12 |    46 |     3 ||    73
         Steam dragon scal |    31 |    23 |       |       |       ||    54
  Dodge: Dodged            |    95 |    49 |    69 |   298 |    24 ||   535

Table legend: (Time is in decaauts)
 A = Elapsed time spent in this place.
 B = Non-inter-level travel time spent in this place.
 C = Inter-level travel time spent in this place.
 D = Time resting spent in this place.
 E = Time spent auto-exploring this place.
 F = Levels seen in this place.
 G = Mean time per level.
                   A        B        C        D        E       F      G
               +--------+--------+--------+--------+--------+-----+--------+
         Total |  12185 |  11794 |    391 |      0 |   9780 |  15 |  812.3 |
       Dungeon |  10224 |   9833 |    391 |      0 |   8391 |  11 |  929.5 |
        Temple |    250 |    250 |      0 |      0 |     17 |   1 |  250.0 |
  Orcish Mines |   1357 |   1357 |      0 |      0 |   1125 |   2 |  678.5 |
         Sewer |    353 |    353 |      0 |      0 |    247 |   1 |  353.0 |
               +--------+--------+--------+--------+--------+-----+--------+

Top non-repeatable levels by time:
     D:7: 1460 daAuts
    D:10: 1158 daAuts
    D:11: 1153 daAuts
     D:9: 985 daAuts
     D:4: 961 daAuts
     D:6: 919 daAuts
     D:3: 842 daAuts
     D:1: 814 daAuts
   Orc:1: 740 daAuts
     D:8: 700 daAuts
     D:2: 661 daAuts
   Orc:2: 617 daAuts
     D:5: 567 daAuts
   Sewer: 353 daAuts
  Temple: 250 daAuts
